 Dungeon Crawl Stone Soup version 0.26-a0-663-g36e8fdb655 (webtiles) character file.

Game seed: 17352123496519819359

176 jasper the Chopper (level 5, -1/47 HPs)
             Began as a Gnoll Berserker on Oct 11, 2020.
             Was a Believer of Trog.
             Killed from afar by an orc wizard (6 damage)
             ... with a puff of frost
             ... on level 4 of the Dungeon.
             The game lasted 00:03:25 (1611 turns).

jasper the Chopper (Gnoll Berserker)                Turns: 1611, Time: 00:03:26

Health: -1/47      AC:  2    Str: 21    XL:     5   Next: 56%
Magic:  7/7        EV: 14    Int:  9    God:    Trog [**....]
Gold:   95         SH:  0    Dex: 14    Spells: 7/7 levels left

rFire    . . .     SeeInvis .   g - +0 war axe
rCold    . . .     Faith    .   (no shield)
rNeg     . . .     Spirit   .   b - +0 animal skin
rPois    .         Reflect  .   (no helmet)
rElec    .         Harm     .   (no cloak)
rCorr    .         Rampage  .   (no gloves)
MR       ++...                  (no boots)
Stlth    ++........             (no amulet)
HPRegen  1.15/turn              (no ring)
MPRegen  0.10/turn              (no ring)

@: berserk cooldown, regenerating, slowed, very slow
A: distributed training, fangs 1, strong nose
a: Berserk, Trog's Hand, Renounce Religion


You were on level 4 of the Dungeon.
You worshipped Trog.
Trog was pleased with you.
You visited 1 branch of the dungeon, and saw 3 of its levels.

You collected 95 gold pieces.

Inventory:

Hand Weapons
 a - a +0 hand axe
 g - a +0 war axe (weapon)
Missiles
 d - 37 stones
 h - 5 poisoned darts (quivered)
 i - 28 arrows
Armour
 b - a +0 animal skin (worn)
Scrolls
 j - a scroll of immolation
 k - a scroll of remove curse
Potions
 c - a potion of brilliance
 e - 4 potions of curing {unknown}
 f - a potion of invisibility {unknown}


   Skills:
 + Level 6.7 Fighting
 + Level 1.5 Short Blades
 + Level 1.5 Long Blades
 + Level 6.7 Axes
 + Level 1.5 Maces & Flails
 + Level 1.5 Polearms
 + Level 1.5 Staves
 + Level 1.5 Slings
 + Level 1.5 Bows
 + Level 1.5 Crossbows
 + Level 1.5 Throwing
 + Level 4.8 Armour
 + Level 4.8 Dodging
 + Level 1.5 Stealth
 + Level 1.5 Shields
 + Level 1.5 Unarmed Combat
 + Level 1.5 Spellcasting
 + Level 1.2 Conjurations
 + Level 1.2 Hexes
 + Level 1.2 Summonings
 + Level 1.2 Necromancy
 + Level 1.2 Translocations
 + Level 1.2 Transmutations
 + Level 1.2 Fire Magic
 + Level 1.2 Ice Magic
 + Level 1.2 Air Magic
 + Level 1.2 Earth Magic
 + Level 1.2 Poison Magic
 + Level 1.7 Invocations
 + Level 1.5 Evocations


You had 7 spell levels left.
You didn't know any spells.
Your spell library was empty.

Dungeon Overview and Level Annotations

Branches:
Dungeon (2/15)

Altars:
Gozag


Innate Abilities, Weirdness & Mutations

Your experience applies equally to all skills.
You have very sharp teeth.
Your uncanny sense of smell can sniff out nearby items.


Message History

The orc wizard points at you and mumbles some strange words.
The magic dart hits you! The orc wizard closely misses you.
The orc wizard hits you with a +0 dagger.
You take 7 damage, and have 24/47 hp.
Your skin crawls.
You feel resistant to hostile enchantments.
The orc wizard misses you. The orc wizard closely misses you.
The orc wizard gestures at you while chanting.
The magic dart hits you!
The orc wizard hits you with a +0 dagger.
* * * LOW HITPOINT WARNING * * *
You take 11 damage, and have 13/47 hp.
MASSIVE DAMAGE!!
You closely miss the orc wizard. x2; You hit the orc.
The orc wizard points at you and mumbles some strange words.
The magic dart hits you!
* * * LOW HITPOINT WARNING * * *
The orc hits you but does no damage. The orc wizard casts a spell at you.
The puff of frost hits you.
You die...

....##..!..# .........
..####.....##......o.#
. .##
##.........#.oo.### ..
## ##..$..##.## ...
.#. ~ # #......# ~
~.^.... .. ###.#.##
#.#J##...
###..#######.......#
#..#.#....##.....>..
#....)..)@oaJ.......
##......#oo.........
########.).........
##..........
#..........
##....!.... #...#..###
########


You could see a jelly, 2 orc wizards, an orc and a giant cockroach.

Vanquished Creatures
  A hound (D:4)
  2 orc wizards (D:4)
  An iguana (D:4)
  An adder (D:2)
  An ooze (D:1)
  A worm (D:4)
  2 dart slugs (D:1)
  3 leopard geckos (D:1)
  4 orcs (D:4)
  A ball python (D:1)
  2 giant cockroaches (D:1)
  5 goblins (D:1)
  4 hobgoblins (D:1)
  4 kobolds (D:1)
  2 bats (D:1)
  3 frilled lizards (D:1)
  4 rats (D:1)
41 creatures vanquished.

Notes
Turn   | Place    | Note
-------+----------+-------------------------------------------
     0 | D:1      | jasper the Gnoll Berserker began the quest for the Orb.
     0 | D:1      | Reached XP level 1. HP: 23/23 MP: 1/1
   295 | D:1      | Reached XP level 2. HP: 29/29 MP: 2/2
   871 | D:1      | Reached XP level 3. HP: 33/35 MP: 3/3
  1033 | D:1      | Reached skill level 1 in Invocations
  1096 | D:1      | Reached ** piety under Trog
  1296 | D:2      | Reached skill level 1 in Short Blades
  1296 | D:2      | Reached skill level 1 in Long Blades
  1296 | D:2      | Reached skill level 1 in Maces & Flails
  1296 | D:2      | Reached skill level 1 in Polearms
  1296 | D:2      | Reached skill level 1 in Staves
  1296 | D:2      | Reached skill level 1 in Slings
  1296 | D:2      | Reached skill level 1 in Bows
  1296 | D:2      | Reached skill level 1 in Crossbows
  1296 | D:2      | Reached skill level 1 in Throwing
  1296 | D:2      | Reached skill level 1 in Stealth
  1296 | D:2      | Reached skill level 1 in Shields
  1296 | D:2      | Reached skill level 1 in Unarmed Combat
  1296 | D:2      | Reached skill level 1 in Spellcasting
  1296 | D:2      | Reached skill level 1 in Evocations
  1365 | D:2      | Found an opulent altar of Gozag.
  1366 | D:2      | You fall into a shaft and drop 2 floors!
  1367 | D:4      | Noticed an ogre
  1385 | D:4      | Reached XP level 4. HP: 41/41 MP: 5/5
  1528 | D:4      | Reached skill level 1 in Conjurations
  1528 | D:4      | Reached skill level 1 in Hexes
  1528 | D:4      | Reached skill level 1 in Summonings
  1528 | D:4      | Reached skill level 1 in Necromancy
  1528 | D:4      | Reached skill level 1 in Translocations
  1528 | D:4      | Reached skill level 1 in Transmutations
  1528 | D:4      | Reached skill level 1 in Fire Magic
  1528 | D:4      | Reached skill level 1 in Ice Magic
  1528 | D:4      | Reached skill level 1 in Air Magic
  1528 | D:4      | Reached skill level 1 in Earth Magic
  1528 | D:4      | Reached skill level 1 in Poison Magic
  1593 | D:4      | Reached XP level 5. HP: 47/47 MP: 6/6
  1611 | D:4      | Killed from afar by an orc wizard

Illustrated notes

Levels and vault maps discovered:
D:1:      lightli_arrival_flooded_house, layout_basic
D:2:      layout_basic, lemuel_round_altar, nicolae_gozag_seed_capital
D:4:      layout_cave_pools, nemelex_spade_bored_becter, uniq_sigmund,
          uniq_natasha, uniq_menkaure

Skill      XL: |  1  2  3  4 |
---------------+-------------+-----
Invocations    | 1 |  1.7
Short Blades   | 1 |  1.5
Long Blades    | 1 |  1.5
Maces & Flails | 1 |  1.5
Polearms       | 1 |  1.5
Staves         | 1 |  1.5
Slings         | 1 |  1.5
Bows           | 1 |  1.5
Crossbows      | 1 |  1.5
Throwing       | 1 |  1.5
Stealth        | 1 |  1.5
Shields        | 1 |  1.5
Unarmed Combat | 1 |  1.5
Spellcasting   | 1 |  1.5
Evocations     | 1 |  1.5
Conjurations   | 1 |  1.2
Hexes          | 1 |  1.2
Summonings     | 1 |  1.2
Necromancy     | 1 |  1.2
Translocations | 1 |  1.2
Transmutations | 1 |  1.2
Fire Magic     | 1 |  1.2
Ice Magic      | 1 |  1.2
Air Magic      | 1 |  1.2
Earth Magic    | 1 |  1.2
Poison Magic   | 1 |  1.2
Fighting       | |  6.7
Axes           | |  6.7
Armour         | |  4.8
Dodging        | |  4.8

Action                   |  1- 3 |  4- 6 || total
-------------------------+-------+-------++-------
Melee: Hand axe          |    63 |    10 ||    73
       Bite              |     6 |     1 ||     7
       War axe           |       |     9 ||     9
       Punch             |       |     1 ||     1
Throw: Stone             |    49 |       ||    49
       Dart              |    20 |     4 ||    24
Invok: Berserk           |       |     2 ||     2
       Trog's Hand       |       |     2 ||     2
  Use: Scroll            |       |     3 ||     3
Armor: Animal skin       |    10 |     2 ||    12
Dodge: Dodged            |    37 |    21 ||    58

Table legend: (Time is in decaauts)
 A = Elapsed time spent in this place.
 B = Non-inter-level travel time spent in this place.
 C = Inter-level travel time spent in this place.
 D = Time resting spent in this place.
 E = Time spent auto-exploring this place.
 F = Levels seen in this place.
 G = Mean time per level.
                   A        B        C        D        E       F      G
               +--------+--------+--------+--------+--------+-----+--------+
         Total |   1623 |   1545 |     78 |    284 |    875 |   3 |  541.0 |
       Dungeon |   1623 |   1545 |     78 |    284 |    875 |   3 |  541.0 |
               +--------+--------+--------+--------+--------+-----+--------+

Top non-repeatable levels by time:
     D:1: 1237 daAuts
     D:4: 256 daAuts
     D:2: 129 daAuts
